Map: Orbital Shipyard

Players

TJroc

  • Race: Terran Terran
  • League: Diamond

LilDicky - Winner!

  • Race: Terran Terran
  • League: Diamond

VOD

http://www.twitch.tv/tumescentpie

Description

Time

  • Played on: Dec. 25, 2015, 6:18 p.m.
  • Length: 18:48
Show
View Real Time Build Order
Export as new Build Order

TJroc Terran 

Build Orders: MMM Bio 

Get SALT Encoding   

  12  0:00  SCV  
  13  0:12  SCV  
  14  0:17  Supply Depot  
  14  0:25  SCV  
  15  0:39  SCV  
  15  0:42  Barracks  
  16  0:47  Refinery  
  16  0:51  SCV  
  17  1:03  SCV  
  18  1:15  SCV  
  19  1:26  Supply Depot  
  19  1:28  Orbital Command  
  19  1:31  Reaper  
  20  1:35  Supply Depot  
  20  1:54  SCV  
  21  2:03  Command Center  
  21  2:06  SCV  
  22  2:15  Factory  
  22  2:18  SCV  
  22  2:23  Marine  
  23  2:30  SCV  
  23  2:32  Refinery  
  24  2:42  SCV  
  24  2:43  Barracks Reactor  
  25  2:47  Barracks  
  25  2:52  Barracks  
  25  2:55  SCV  
  26  2:59  Hellion  
  28  3:07  SCV  
  29  3:15  Orbital Command  
  29  3:19  SCV  
  30  3:20  Hellion  
  30  3:23  Marine x2  
  34  3:31  SCV  
  35  3:35  Barracks Tech Lab  
  35  3:38  Supply Depot  
  35  3:42  Starport  
  35  3:43  SCV  
  35  3:47  Marine x2  
  38  3:50  SCV  
  38  3:55  SCV  
  40  3:57  Stimpack  
  40  3:58  Factory Tech Lab  
  40  3:59  Barracks Reactor  
  40  4:05  SCV  
  40  4:07  SCV  
  40  4:08  Marine x2  
  46  4:10  Marauder  
  46  4:16  Cyclone  
  49  4:22  Refinery  
  49  4:24  Supply Depot  
  48  4:32  Medivac  
  48  4:33  SCV x2  
  52  4:41  Marine x2  
  54  4:45  Marine x2  
  54  4:46  Supply Depot  
  54  4:47  Supply Depot  
  56  4:54  Marauder  
  58  5:00  SCV x2, Engineering Bay  
  58  5:06  Marine  
  58  5:07  Marine x3  
  64  5:16  Marauder  
  66  5:25  Marine x2  
  68  5:28  Liberator  
  56  5:38  Marauder, Siege Tank, Marine x2  
  55  5:47  Marine x2  
  60  5:56  Marine x2  
  62  5:57  Combat Shields  
  62  6:00  Marauder  
  64  6:05  Marine x2  
  64  6:06  Supply Depot  
  63  6:14  Marine x2  
  63  6:17  Siege Tank  
  53  6:22  Marine, Marauder  
  53  6:23  Marine  
  57  6:31  Marine x2  
  59  6:34  Barracks  
  59  6:40  Marine x2  
  57  6:48  Marauder  
  57  6:49  Siege Tank, Marine x2  
  57  6:52  SCV  
  57  6:53  Refinery  
  65  6:57  Medivac  
  65  6:58  Marine x2  
  69  7:04  SCV  
  69  7:07  Marine  
  70  7:12  Supply Depot  
  70  7:13  Supply Depot  
  70  7:22  Barracks Tech Lab  
  70  7:23  Marine x2  
  70  7:33  Medivac  
  71  7:41  Marine  
  69  7:56  Marine  
  49  7:59  Marauder x2  
  51  8:08  Barracks  
  51  8:09  Barracks  
  51  8:10  Barracks  
  51  8:20  Barracks Reactor, Marauder x2  
  51  8:25  SCV x2  
  57  8:27  Starport Reactor  
  57  8:39  Siege Tank  
  60  8:41  Marauder  
  60  8:42  SCV x2, Marauder  
  66  8:48  Missile Turret  
  66  8:50  Missile Turret  
  66  8:52  Supply Depot, Missile Turret  
  66  8:53  Missile Turret  
  66  8:57  Barracks Reactor x2  
  66  8:58  Barracks Tech Lab  
  66  9:03  Marauder x2  
  66  9:04  SCV  
  66  9:05  Medivac x2  
  75  9:13  Siege Tank  
  75  9:17  SCV x2  
  80  9:18  Terran Infantry Armor Level 1  
  80  9:24  Marauder, Marine x2  
  81  9:25  Marauder x2  
  81  9:29  Supply Depot  
  88  9:31  Supply Depot  
  88  9:32  Supply Depot  
  88  9:37  Medivac x2  
  92  9:40  SCV  
  92  9:41  SCV  
  94  9:51  Supply Depot, Marauder  
  96  9:59  Command Center  
  96  10:07  Medivac x2  
  96  10:12  Marauder  
  96  10:14  SCV x2, Marine x2  
  106  10:22  Sensor Tower  
  105  10:46  Medivac x2  
  105  10:47  Marine x3, Marauder x2  
  105  10:48  Marauder  
  111  11:08  Marauder  
  99  11:12  Marine x2, Marauder  
  99  11:13  Marine x3  
  83  11:26  SCV  
  83  11:30  Marine, Marauder  
  80  11:33  Marauder  
  80  11:38  SCV  
  74  11:45  Missile Turret  
  74  11:46  Missile Turret, Marine x3  
  77  11:47  Marine x2  
  77  11:48  Marine  
  77  11:51  Marauder  
  83  12:00  Marauder  
  84  12:01  SCV x2  
  84  12:02  SCV  
  87  12:13  SCV, Marauder  
  74  12:35  Viking x2, Marauder  
  74  12:36  Marine x6, Marauder  
  84  12:37  Marauder  
  83  12:55  Marine x2  
  83  12:56  Marine x4  
  83  12:57  Marauder  
  83  12:58  Marine, Marauder  
  76  13:13  Marine  
  76  13:14  Marine  
  76  13:17  Marine x4, Marauder  
  76  13:18  Marauder  
  82  13:23  Orbital Command  
  76  13:31  Marine  
  76  13:32  Marine  
  78  13:34  Marine  
  78  13:35  Marine x3  
  78  13:40  Refinery x2  
  82  13:49  Marine  
  82  13:51  Orbital Command  
  68  14:12  Refinery x2, Marine x2  
  68  14:13  Marine x3  
  68  14:14  Siege Tank  
  75  14:19  Starport Reactor  
  75  14:26  Starport  
  75  14:30  Marine  
  63  14:50  Marine x4  
  63  14:51  Marauder, Widow Mine, Marine x2  
  63  14:52  Marauder x2  
  65  15:01  SCV  
  65  15:06  Starport Reactor  
  66  15:07  Marine x2  
  66  15:08  Marine x4  
  66  15:13  SCV, Viking x2, Marauder  
  79  15:17  Terran Infantry Weapons Level 1  
  82  15:21  Siege Tank  
  82  15:25  Marine x2  
  82  15:26  Marine x2  
  86  15:33  Marine x2  
  86  15:34  Marauder x2  
  92  15:43  Marine x2  
  92  15:44  Marine x2  
  92  15:45  Medivac x2  
  99  15:55  Marauder x2  
  103  16:01  Marine  
  99  16:05  Viking x2  
  103  16:14  SCV x2  
  103  16:15  Viking x2  
  103  16:16  Marauder  
  103  16:17  Marauder  
  103  16:25  Marine x2  
  103  16:26  Marine x4  
  103  16:27  Marauder  
  111  16:38  Marauder x2  
  111  16:43  Marine  
  93  16:50  Marine x2  
  93  16:51  Viking, Marine x2  
  95  17:00  SCV  
  95  17:01  Marine  
  95  17:02  Command Center  
  95  17:05  SCV  
  97  17:12  SCV  
  69  17:32  Marine x3  
  69  17:33  Marine x3  
  69  17:34  Marauder  
  69  17:35  Marauder  
  77  17:50  Marine x2  
  34  18:07  Marine  
  34  18:08  Marine x3  
  34  18:10  Orbital Command  
  37  18:16  Viking x2  
Show
View Real Time Build Order
Export as new Build Order

LilDicky Terran - Winner!

Build Orders: Liberator Opening 

Get SALT Encoding   

  12  0:02  SCV  
  14  0:14  SCV  
  14  0:19  Supply Depot  
  14  0:26  SCV  
  15  0:40  SCV  
  16  0:44  Barracks  
  16  0:51  Refinery  
  16  0:53  SCV  
  17  1:05  SCV  
  18  1:21  SCV  
  19  1:31  Marine  
  20  1:34  Supply Depot, Orbital Command  
  20  1:48  Refinery  
  20  2:03  SCV  
  21  2:09  Marine  
  22  2:15  SCV  
  23  2:22  Factory  
  23  2:28  SCV, Marine  
  25  2:30  Barracks  
  25  2:40  SCV  
  26  2:46  Marine  
  27  2:52  SCV  
  28  3:01  Command Center  
  28  3:05  SCV, Marine  
  29  3:07  Factory Tech Lab  
  29  3:08  Starport  
  30  3:17  SCV, Supply Depot  
  31  3:21  Barracks Reactor  
  31  3:32  Liberator  
  31  3:34  Supply Depot  
  31  3:38  Marine  
  31  3:39  Siege Tank  
  35  3:44  SCV  
  39  3:57  Supply Depot, Marine x3  
  39  4:00  SCV  
  43  4:03  Refinery  
  43  4:12  SCV, Siege Tank  
  43  4:14  Marine  
  48  4:19  Orbital Command  
  48  4:33  SCV  
  48  4:35  Viking  
  48  4:36  Engineering Bay  
  52  4:45  SCV  
  52  4:48  Siege Tank  
  55  4:57  Marine x3  
  55  4:58  SCV x2  
  59  5:10  SCV  
  60  5:19  SCV  
  61  5:22  SCV  
  61  5:23  Siege Tank  
  61  5:25  Medivac  
  67  5:31  SCV  
  67  5:34  SCV  
  62  5:43  SCV  
  63  5:53  SCV  
  63  5:55  SCV, Siege Tank  
  67  6:22  SCV x2  
  67  6:25  Marine  
  70  6:32  Starport, Marine  
  70  6:33  Viking  
  70  6:34  Supply Depot, SCV  
  70  6:35  Supply Depot, Missile Turret  
  70  6:37  Command Center, SCV  
  75  6:40  Missile Turret  
  75  6:41  Refinery  
  75  6:43  Missile Turret  
  75  6:46  SCV  
  72  6:49  SCV  
  73  7:13  SCV x2, Siege Tank  
  78  7:16  Viking  
  78  7:19  Starport Tech Lab  
  80  7:23  Supply Depot  
  80  7:24  Marine x3  
  80  7:25  SCV x2  
  85  7:42  Marine x3  
  73  8:18  SCV x2  
  72  8:20  Viking  
  72  8:22  Banshee  
  72  8:23  Cloaking Field  
  72  8:24  Siege Tank  
  72  8:25  Orbital Command  
  72  8:26  Marine x2  
  72  8:27  Marine  
  82  8:30  SCV  
  82  8:31  SCV, Supply Depot  
  85  8:43  SCV x2, Refinery  
  85  8:44  Refinery, Marine x3  
  90  8:52  Viking  
  90  8:54  SCV  
  90  8:55  SCV  
  94  8:58  Starport  
  94  9:02  Marine x3  
  96  9:04  Barracks  
  96  9:05  SCV, Barracks  
  96  9:06  SCV  
  96  9:07  SCV, Barracks x2  
  100  9:10  Missile Turret x3  
  100  9:15  Missile Turret  
  100  9:17  SCV, Siege Tank, Missile Turret  
  100  9:18  SCV  
  100  9:20  Banshee  
  108  9:34  Marine x2  
  110  9:39  Barracks Tech Lab  
  110  9:41  Missile Turret x2  
  110  9:45  SCV  
  111  10:00  Starport Reactor  
  111  10:01  Starport Reactor  
  111  10:07  Supply Depot  
  111  10:08  Sensor Tower  
  111  10:10  SCV x2  
  111  10:13  Armory, Marine x7  
  120  10:14  Missile Turret  
  120  10:16  Armory  
  120  10:17  Banshee  
  122  10:21  Fusion Core  
  122  10:30  Marine  
  122  10:31  Marine  
  124  10:41  Marine x2  
  124  10:42  Siege Tank  
  129  10:48  Factory  
  129  10:52  Missile Turret  
  129  10:53  Missile Turret x2  
  113  11:08  Marine x4  
  107  11:18  SCV  
  91  11:19  Orbital Command  
  83  11:26  Missile Turret  
  83  11:27  Missile Turret  
  83  11:30  Marine  
  83  11:31  Marine x6  
  85  11:37  SCV  
  85  11:38  Banshee  
  85  11:39  Viking x4  
  96  11:48  Marine x2  
  96  11:49  Command Center, Marine x5  
  103  12:01  Supply Depot  
  103  12:03  Supply Depot  
  103  12:04  Supply Depot  
  103  12:06  Supply Depot, Marine x4  
  103  12:07  SCV x2, Marine x2  
  111  12:13  Viking x3  
  117  12:16  Factory Tech Lab  
  117  12:21  Banshee  
  115  12:44  Siege Tank  
  115  12:47  Missile Turret  
  115  12:48  Missile Turret  
  114  13:04  Banshee  
  104  13:11  Liberator  
  84  13:25  Siege Tank  
  84  13:26  Viking x3  
  88  13:33  Marine x2  
  88  13:34  Marine x5  
  90  13:36  Terran Vehicle And Ship Armor Level 1  
  90  13:37  Terran Ship Weapons Level 1  
  90  13:38  Factory x2  
  90  13:39  Planetary Fortress  
  95  13:46  Refinery  
  95  13:47  Banshee  
  93  14:21  SCV x2  
  93  14:22  SCV  
  93  14:23  Factory Tech Lab x2  
  96  14:25  Siege Tank  
  96  14:29  Banshee  
  102  14:33  SCV x2  
  95  14:38  Liberator x2  
  80  14:54  Viking x2  
  80  14:58  Siege Tank x3  
  99  15:07  Liberator  
  99  15:10  Marine x2  
  99  15:11  Marine x5  
  99  15:12  Banshee  
  99  15:14  SCV x3  
  110  15:15  SCV  
  113  15:22  Missile Turret  
  113  15:26  SCV  
  113  15:28  Marine x4  
  117  15:29  Marine x2  
  117  15:30  Siege Tank x3  
  117  15:33  Missile Turret  
  132  15:46  Engineering Bay  
  132  15:49  Engineering Bay  
  132  15:53  Engineering Bay, Liberator  
  132  15:54  Liberator x2  
  132  15:55  Banshee  
  131  16:10  Viking  
  142  16:23  Liberator  
  136  16:38  Banshee  
  129  16:51  Siege Tank x3  
  129  17:23  Command Center, Siege Tank x2  
  129  17:27  Command Center  
  124  17:31  Command Center  
  102  18:11  Siege Tank x3  
  102  18:12  Marine  
  112  18:13  Marine x6  
  111  18:30  Marine  
Tags
 
Add a new tag
Caveats
  • Supply blocks, unpowered buildings, or Contaminate may cause inaccurate times.
  • Supply counts are checked every 10 seconds.